 Dungeon Crawl Stone Soup version 0.22-a0-782-g038298e (webtiles) character file.

7627 Hebeh the Destroyer (level 10, -12/56 HPs)
             Began as a Deep Elf Conjurer on July 20, 2018.
             Was a Believer of Vehumet.
             Killed by Ozocubu's Refrigeration
             ... invoked by Fannar
              (22 damage)
             ... on level 10 of the Dungeon.
             The game lasted 00:56:10 (11964 turns).

Hebeh the Destroyer (Deep Elf Conjurer)            Turns: 11964, Time: 00:56:11

Health: -12/56     AC:  6    Str:  5    XL:     10   Next: 98%
Magic:  0/37       EV: 15    Int: 24    God:    Vehumet [**....]
Gold:   526        SH:  0    Dex: 15    Spells: 14/33 levels left

rFire    . . .     SeeInvis .   I - -1 glaive (curse)
rCold    . . .     Gourm    .   (shield currently unavailable)
rNeg     . . .     Faith    .   q - +0 robe {MR+}
rPois    .         Spirit   .   C - +0 helmet
rElec    .         Reflect  .   f - +1 cloak
rCorr    .         Harm     .   (no gloves)
MR       ++...                  H - +0 pair of boots
Stlth    ++........             (no amulet)
HPRegen  0.18/turn              e - ring of magical power
MPRegen  0.25/turn              v - ring of wizardry

@: no status effects
A: no striking features
a: Renounce Religion


You were on level 10 of the Dungeon.
You worshipped Vehumet.
Vehumet was pleased with you.
You were not hungry.

You visited 2 branches of the dungeon, and saw 11 of its levels.

You collected 526 gold pieces.

Inventory:

Hand Weapons
 a - a +0 mace of crushing
 b - the +4 war axe of the People {chop, rN+ Str+4, unknown}
   (You found it on level 9 of the Dungeon)

   It inflicts extra damage upon your enemies.
   It affects your strength (+4).
   It protects you from negative energy.
 h - a +2 trident of flaming
 i - a +1 short sword
 t - a +3 scimitar of flaming
 I - a cursed -1 glaive (weapon)
Missiles
 n - 10 javelins (quivered)
 z - 133 arrows
Armour
 f - a +1 cloak (worn)
 q - a +0 robe of magic resistance (worn)
 y - a +0 buckler
 C - a +0 helmet (worn)
 H - a +0 pair of boots (worn)
 K - a cursed +0 robe
Jewellery
 e - a ring of magical power (left hand)
 v - a ring of wizardry (right hand)
 w - an uncursed amulet of rage {unknown}
Wands
 s - a wand of digging (23)
 J - a wand of scattershot (8)
 M - a wand of iceblast (9)
Scrolls
 k - a scroll of identify
 m - 7 scrolls of teleportation
 o - 2 scrolls of enchant weapon
 x - a scroll of amnesia {unknown}
 A - a scroll of blinking
 E - a scroll of magic mapping
 F - 2 scrolls of enchant armour
 L - a scroll of summoning {unknown}
Potions
 d - a potion of haste
 g - a potion of magic {unknown}
 j - 7 potions of curing
 l - 6 potions of flight
 p - 2 potions of resistance
 r - a potion of invisibility
 u - 2 potions of lignification
 D - 2 potions of ambrosia {unknown}
Miscellaneous
 G - a fan of gales
Comestibles
 c - 20 rations
 N - 3 chunks of flesh


   Skills:
 + Level 3.5 Fighting
 + Level 5.8 Dodging
 - Level 2.4 Stealth
 * Level 12.1 Spellcasting
 * Level 12.8 Conjurations
 - Level 6.0 Translocations


You had 14 spell levels left.
You knew the following spells:

 Your Spells              Type           Power        Failure   Level  Hunger
a - Magic Dart            Conj           ####         0%          1    None
b - Iskenderun's Mystic   Conj           ######..     1%          4    None
c - Searing Ray           Conj           ######       1%          2    None
d - Force Lance           Conj/Tloc      ######..     1%          4    None
e - Mephitic Cloud        Conj/Pois/Air  #####...     1%          3    None
f - Conjure Flame         Conj/Fire      #####...     1%          3    None
j - Blink                 Tloc           N/A          1%          2    None

Your spell library contained the following spells:

 Spells                   Type           Power        Failure   Level  Hunger
 Lightning Bolt           Conj/Air       #####.....   3%          5    ###....
 Slow                     Hex            ##......     2%          2    None
 Call Imp                 Summ           ##......     2%          2    None
 Shock                    Conj/Air       ####         1%          1    None
 Swiftness                Chrm/Air       ##......     2%          2    None
 Spider Form              Tmut/Pois      ##........   5%          3    None
 Blade Hands              Tmut           ##........   41%         5    ###....
 Ice Form                 Ice/Tmut       ##......     16%         4    None
 Airstrike                Air            ##........   16%         4    None
 Sticks to Snakes         Tmut           ##......     2%          2    None
 Static Discharge         Conj/Air       #####...     1%          3    None
 Beastly Appendage        Tmut           ##....       1%          1    None
 Fulminant Prism          Conj/Hex       #####.....   1%          4    None
 Dazzling Spray           Conj/Hex       #####.       1%          3    None


Dungeon Overview and Level Annotations

Branches:
Dungeon (10/15)            Temple (1/1) D:6
   Lair: D:8-11         Orc: D:9-12

Altars:
Ashenzari
Cheibriados
Dithmenos
Elyvilon
Fedhas
Gozag
Kikubaaqudgha
Makhleb
Nemelex Xobeh
Okawaru
Qazlal
Ru
Sif Muna
Trog
Vehumet
Wu Jian
Xom
Yredelemnul
Zin
The Shining One

Shops:
D:3 *

Annotations:
D:10 Fannar


Message History

Aim: Fannar, wielding a quarterstaff of freezing, wearing a robe of cold resistance and wearing a ring of ice (almost dead, covered in an icy film)
The magic dart hits Fannar.
Fannar is almost dead.
Fannar misses you. Fannar gestures at you while chanting.
The bolt of cold misses you.
As you read the scroll of fear, it crumbles to dust.
You assume a fearsome visage.
Fannar resists with some effort.
The ice beast looks frightened!
Casting: Magic Dart (safe; 0% risk of failure)
Confirm with . or Enter, or press ? or * to list all spells.
Aiming: Magic Dart (safe; 0% risk of failure)
Press: ? - help, Shift-Dir - straight line, f/p - Fannar
Aim: Fannar, wielding a quarterstaff of freezing, wearing a robe of cold resistance and wearing a ring of ice (almost dead, covered in an icy film)
The magic dart hits Fannar.
Fannar is almost dead.
Fannar casts a spell.
Fannar drains the heat from the surrounding environment!
You feel very cold.
You die...

#....# ##..###+# #
##..##..## .#
#.Y......#..#).
##..##...'..').
##..##..)#.)#).
#...##>.## .#
##############.e###'##..#
.#......#...##..@.......
..).....................
..#.).......##..##..##..
..#.........##..##..#
..#..)................
.########...##.........
#########...##..##..##..
....#.......##..##..# ..
....#............. ..


You could see Fannar and an ice beast (fleeing).

Vanquished Creatures
  Erolcha (D:10)
  Erica (D:9)
  A two-headed ogre (D:9)
  A queen bee (D:8)
  A hornet (D:9)
  2 hippogriffs
  Eustachio (D:6)
  2 wyverns
  Menkaure (D:7)
  3 water moccasins
  2 orc warriors
  A sky beast (D:7)
  2 black bears
  3 ice beasts
  4 ogres
  4 centaurs
  A big kobold (D:10)
  7 bullfrogs
  A scorpion (D:4)
  16 killer bees
  5 crimson imps
  A quasit (D:9)
  A bullfrog skeleton (D:10)
  2 bullfrog zombies
  3 hounds
  3 jellies
  3 orc priests
  Crazy Yiuf (D:2)
  4 orc wizards
  4 iguanas
  Jessica (D:2)
  Natasha (thrice) (D:2)
  A centaur skeleton (D:6)
  5 worker ants
  2 killer bee zombies
  2 hound zombies
  A howler monkey skeleton (D:4)
  11 adders
  An ooze (D:1)
  3 adder skeletons
  6 leopard geckos
  18 orcs
  4 bats
  3 giant cockroaches
  6 goblins
  7 hobgoblins
  4 jackals (D:7)
  6 quokkas
  3 ball pythons
  5 frilled lizards
  9 kobolds
  A leopard gecko skeleton (D:5)
  9 rats
193 creatures vanquished.

Notes
Turn   | Place    | Note
-------+----------+-------------------------------------------
     0 | D:1      | Hebeh the Deep Elf Conjurer began the quest for the Orb.
     0 | D:1      | Reached XP level 1. HP: 10/10 MP: 6/6
   208 | D:1      | Reached XP level 2. HP: 15/15 MP: 4/8
   361 | D:1      | Reached skill level 5 in Conjurations
   522 | D:1      | Reached XP level 3. HP: 19/19 MP: 7/10
   918 | D:2      | Learned a level 2 spell: Searing Ray
  1042 | D:2      | Noticed Jessica
  1044 | D:2      | Killed Jessica
  1044 | D:2      | Reached XP level 4. HP: 24/24 MP: 12/12
  1189 | D:2      | Found a runed door.
  1332 | D:2      | Noticed Natasha
  1336 | D:2      | Killed Natasha
  1537 | D:2      | Learned a level 4 spell: Iskenderun's Mystic Blast
  1542 | D:2      | Learned a level 4 spell: Force Lance
  1636 | D:2      | Noticed Natasha
  1642 | D:2      | Killed Natasha
  1642 | D:2      | Reached XP level 5. HP: 17/28 MP: 14/14
  1757 | D:2      | Noticed Natasha
  1761 | D:2      | Killed Natasha
  2074 | D:2      | Noticed Crazy Yiuf
  2076 | D:2      | Killed Crazy Yiuf
  2076 | D:2      | Reached skill level 5 in Spellcasting
  2685 | D:3      | Found Zin's Purification Station.
  2687 | D:3      | Found a glowing silver altar of Zin.
  2707 | D:3      | Found an ornate altar of the Wu Jian Council.
  2707 | D:3      | Found a shadowy altar of Dithmenos.
  2735 | D:3      | Reached XP level 6. HP: 32/32 MP: 16/16
  2854 | D:4      | Found a blossoming altar of Fedhas.
  3997 | D:5      | Entered Level 5 of the Dungeon
  4062 | D:5      | Reached XP level 7. HP: 26/36 MP: 18/18
  4696 | D:5      | Found a shimmering altar of Xom.
  5064 | D:6      | Reached skill level 1 in Translocations
  5192 | D:6      | Found a glowing golden altar of the Shining One.
  5219 | D:6      | Noticed a hippogriff
  5232 | D:6      | Killed a hippogriff
  5232 | D:6      | Reached XP level 8. HP: 21/41 MP: 8/21
  5761 | D:6      | Noticed Eustachio
  5765 | D:6      | Killed Eustachio
  5819 | D:6      | Found a staircase to the Ecumenical Temple.
  5883 | Temple   | Entered the Ecumenical Temple
  5977 | Temple   | Became a worshipper of Vehumet
  6254 | D:6      | Reached skill level 10 in Conjurations
  6736 | D:7      | Reached skill level 5 in Translocations
  6741 | D:7      | Noticed Menkaure
  6745 | D:7      | Killed Menkaure
  6884 | D:7      | Reached XP level 9. HP: 45/45 MP: 22/23
  8079 | D:7      | Learned a level 3 spell: Conjure Flame
  8083 | D:7      | Learned a level 3 spell: Mephitic Cloud
  8086 | D:7      | Learned a level 2 spell: Blink
  8282 | D:8      | Noticed a queen bee
  8329 | D:8      | Reached * piety under Vehumet
  8329 | D:8      | Offered knowledge of Sting by Vehumet.
  8344 | D:8      | Reached skill level 1 in Fighting
  8344 | D:8      | HP: 2/47 [poisoned by a killer bee]
  8704 | D:8      | Killed a queen bee
  8709 | D:8      | Reached skill level 10 in Spellcasting
  9509 | D:8      | Reached XP level 10. HP: 26/53 MP: 26/26
 10091 | D:9      | Got a translucent war axe
 10154 | D:9      | Noticed Erica
 10163 | D:9      | Killed Erica
 10659 | D:9      | Noticed a two-headed ogre
 10677 | D:9      | Killed a two-headed ogre
 10677 | D:9      | Reached skill level 5 in Dodging
 10986 | D:10     | Entered Level 10 of the Dungeon
 11011 | D:10     | Noticed Fannar
 11011 | D:10     | Noticed Erolcha
 11478 | D:10     | Offered knowledge of Freeze by Vehumet.
 11629 | D:10     | Killed Erolcha
 11932 | D:10     | Reached ** piety under Vehumet
 11964 | D:10     | Killed from afar by Fannar

Vault maps used:
D:1:      nzn_arrival_settlement, serial_glass, glass_columns_b, glass_columns_a
D:2:      uniq_natasha, uniq_crazy_yiuf_cottage, uniq_jessica
D:3:      zin_purify, gammafunk_temple_overflow_wave, first_ration,
          minmay_bisected
D:4:      fedhas_altar_2
D:5:      led_xom_imps
D:6:      black_bear_nest_1, tso_metal_star, temple_green, uniq_eustachio
D:7:      minivault_22, uniq_menkaure
D:8:      david_nohive_1
D:9:      minmay_checkerbox, uniq_erica
D:10:     kennysheep_windowed_halls, serial_shops, nicolae_shop_stone,
          uniq_fannar, uniq_erolcha
Temple:   eino_narrow_crystal_temple

Skill      XL: |  1  2  3  4  5  6  7  8  9 10 |
---------------+-------------------------------+-----
Conjurations   | 5 6 7 8 9 10 11 12 | 12.8
Spellcasting   | 4 5 6 7 8 10 12 | 12.1
Translocations | 3 5 6 |  6.0
Fighting       | 1 3 |  3.5
Dodging        | 3 5 |  5.8
Stealth        | |  2.4

Action                   |  1- 3 |  4- 6 |  7- 9 | 10-12 || total
-------------------------+-------+-------+-------+-------++-------
Melee: Mace              |       |     1 |     5 |       ||     6
       Glaive            |       |       |       |     1 ||     1
 Cast: Magic Dart        |    43 |   131 |   127 |    70 ||   371
       Iskenderun's Myst |       |     8 |    58 |    40 ||   106
       Searing Ray       |       |     2 |    13 |     8 ||    23
       Force Lance       |       |       |    15 |     3 ||    18
       Mephitic Cloud    |       |       |     1 |     2 ||     3
  Use: Scroll            |       |    10 |     7 |     1 ||    18
       Potion            |       |       |     2 |       ||     2
  Eat: Chunk             |       |     6 |    11 |     7 ||    24
       Ration            |       |     1 |     3 |       ||     4
Armor: Robe              |       |     6 |    20 |     4 ||    30
Dodge: Dodged            |       |    12 |    81 |    25 ||   118

Table legend:
 A = Spawn XP
 B = Non-spawn XP
 C = Spawn XP percentage of total XP
 D = Spawn monster count
 E = Non-spawn monster count
 F = Spawn count percentage of total count
 G = Total turns spent on level
                    A         B        C        D         E        F      G
               +---------+---------+-------+---------+---------+-------+---------
         Total |       0 |   10897 |   0.0 |       0 |     193 |   0.0 | 11964
               +---------+---------+-------+---------+---------+-------+---------
           D:1 |       0 |      46 |   0.0 |       0 |      25 |   0.0 |   856
           D:2 |       0 |     226 |   0.0 |       0 |      10 |   0.0 |  1370
           D:3 |       0 |     109 |   0.0 |       0 |      26 |   0.0 |   608
           D:4 |       0 |     318 |   0.0 |       0 |      16 |   0.0 |  1163
           D:5 |       0 |     535 |   0.0 |       0 |      17 |   0.0 |  1321
           D:6 |       0 |    1123 |   0.0 |       0 |      13 |   0.0 |   954
           D:7 |       0 |    1426 |   0.0 |       0 |      26 |   0.0 |  1722
           D:8 |       0 |    1764 |   0.0 |       0 |      23 |   0.0 |  1839
           D:9 |       0 |    3418 |   0.0 |       0 |      17 |   0.0 |  1070
          D:10 |       0 |    1932 |   0.0 |       0 |      20 |   0.0 |   951
               +---------+---------+-------+---------+---------+-------+---------
